Map: Thunderbird LE

Players

PontDeBondy - Winner!

  • Race: Terran Terran
  • League: Master
  • Spawn Location: 11:00

Mez

  • Race: Terran Terran
  • League: Master
  • Spawn Location: 5:00

VOD

Have the link to the VOD?

Description

Time

  • Played on: Aug. 25, 2019, 2:22 p.m.
  • Length: 8:52
Show
View Real Time Build Order
Export as new Build Order

PontDeBondy Terran - Winner!

Build Orders: Gas First Reaper Expand 

Get SALT Encoding   

  12  0:00  SCV  
  13  0:12  SCV  
  14  0:17  Supply Depot  
  14  0:24  SCV  
  14  0:27  Refinery  
  15  0:38  SCV  
  16  0:44  Barracks  
  16  0:50  SCV  
  17  1:02  SCV  
  18  1:14  SCV  
  19  1:31  Orbital Command, Reaper  
  20  1:42  Command Center  
  20  1:52  Factory  
  20  1:56  SCV  
  21  2:03  Supply Depot  
  21  2:05  Barracks Reactor  
  21  2:09  SCV  
  21  2:13  Refinery  
  22  2:21  SCV  
  23  2:36  Factory Tech Lab  
  23  2:37  SCV  
  23  2:41  Marine x2  
  26  2:46  Starport  
  26  2:49  SCV  
  27  2:54  Orbital Command  
  27  2:57  Hellion  
  29  2:59  Marine  
  29  3:02  SCV  
  29  3:04  Marine  
  32  3:14  SCV  
  32  3:17  Marine  
  34  3:20  Cyclone  
  34  3:22  Marine, SCV  
  34  3:23  Starport Tech Lab  
  39  3:29  Supply Depot  
  39  3:30  SCV  
  40  3:34  SCV  
  41  3:42  SCV  
  41  3:44  Marine  
  41  3:46  SCV, Raven  
  46  3:50  Marine  
  46  3:54  SCV  
  48  3:57  Supply Depot  
  48  3:58  SCV  
  48  3:59  Refinery  
  49  4:06  SCV  
  49  4:09  Marine, Siege Tank  
  54  4:18  Marine  
  54  4:19  SCV x2  
  57  4:27  Supply Depot  
  57  4:31  SCV x2  
  59  4:40  Command Center, Starport Reactor  
  59  4:43  SCV  
  60  4:46  Barracks  
  60  4:48  Barracks  
  60  4:49  Siege Tank  
  63  4:54  Supply Depot  
  63  4:55  SCV x2  
  65  5:07  SCV x2  
  65  5:08  Marine, Stimpack  
  68  5:15  Engineering Bay  
  68  5:17  Engineering Bay  
  68  5:19  SCV x2  
  70  5:28  Starport Reactor  
  70  5:31  SCV x2, Supply Depot, Refinery  
  71  5:38  Marine x2, Siege Tank  
  76  5:43  SCV x2  
  76  5:48  Terran Infantry Armor Level 1, Terran Infantry Weapons Level 1  
  78  5:51  Marine x3  
  78  5:52  Supply Depot  
  78  5:55  Marine, SCV, Supply Depot  
  83  6:06  Marine, SCV  
  83  6:09  Marine x2  
  87  6:12  Barracks, Medivac x2  
  87  6:13  Marine  
  87  6:14  Barracks  
  87  6:16  Orbital Command  
  92  6:21  Marine  
  93  6:26  SCV x2, Factory  
  95  6:35  Marine x4  
  95  6:38  SCV x2  
  95  6:39  Siege Tank  
  104  6:45  Supply Depot  
  104  6:48  Marine  
  104  6:50  SCV x3, Supply Depot  
  104  6:53  Marine x2  
  110  6:54  Marine  
  110  6:55  Marine  
  110  6:56  Combat Shield  
  112  7:02  SCV x2, Refinery  
  112  7:03  SCV  
  112  7:06  Marine, Barracks Reactor  
  112  7:07  Barracks Reactor  
  116  7:09  Factory Tech Lab  
  116  7:11  Supply Depot  
  116  7:13  Marine x4, Supply Depot  
  120  7:16  Siege Tank  
  123  7:23  Medivac x2  
  123  7:24  Marine  
  128  7:30  Siege Tank  
  128  7:31  Marine x2  
  128  7:32  Marine x2  
  128  7:33  SCV x2  
  137  7:37  Supply Depot  
  137  7:38  Supply Depot  
  137  7:42  Marine  
  137  7:44  Marine x3  
  139  7:45  Marine  
  139  7:48  Marine  
  139  7:49  Marine, Siege Tank  
  147  7:51  Armory  
  147  7:53  Supply Depot  
  147  7:54  Marine x2  
  149  8:02  SCV  
  149  8:03  Marine  
  149  8:04  Supply Depot  
  151  8:06  Marine  
  151  8:07  Marine x4  
  151  8:09  Marine, Supply Depot  
  157  8:19  Marine  
  158  8:21  Marine x2  
  158  8:27  Marine  
  160  8:29  Command Center  
  161  8:34  Marine  
Show
View Real Time Build Order
Export as new Build Order

Mez Terran 

Build Orders: Cyclone Opening, Gas First Reaper Expand 

Get SALT Encoding   

  12  0:00  SCV  
  13  0:13  SCV  
  14  0:17  Supply Depot  
  14  0:25  SCV  
  15  0:30  Refinery  
  15  0:38  SCV  
  16  0:45  Barracks  
  16  0:51  SCV  
  17  1:03  SCV  
  18  1:15  SCV  
  19  1:33  Orbital Command, Reaper  
  20  1:44  Command Center  
  20  1:54  Factory  
  20  1:59  SCV  
  21  2:10  Barracks Reactor  
  21  2:11  Supply Depot  
  21  2:13  SCV  
  22  2:26  SCV  
  23  2:33  Refinery  
  23  2:39  Factory Tech Lab  
  23  2:40  SCV  
  24  2:47  Marine x2, Refinery  
  26  2:54  SCV  
  26  2:56  Orbital Command  
  26  2:58  Cyclone  
  30  3:05  Marine x2  
  30  3:06  SCV  
  33  3:15  Starport  
  33  3:19  SCV  
  34  3:23  SCV  
  34  3:25  Marine x2  
  37  3:32  Cyclone  
  40  3:35  SCV  
  40  3:36  SCV  
  42  3:44  Marine x2  
  42  3:47  SCV  
  45  3:52  Starport Tech Lab  
  45  3:56  SCV  
  45  4:01  Supply Depot  
  46  4:10  Marine x2, Siege Tank  
  51  4:28  SCV x2  
  51  4:31  Command Center  
  52  4:34  Marine x2  
  52  4:35  Raven  
  56  4:40  Supply Depot  
  56  4:42  Supply Depot  
  56  4:43  SCV  
  57  4:49  SCV  
  58  4:54  Siege Tank  
  58  4:55  SCV  
  62  5:01  Marine x2  
  62  5:03  SCV  
  62  5:06  Supply Depot  
  65  5:08  SCV  
  66  5:18  Raven  
  68  5:21  Barracks  
  68  5:22  SCV, Barracks  
  68  5:25  Marine x2  
  71  5:35  Siege Tank  
  71  5:38  SCV x2  
  71  5:41  Supply Depot  
  76  5:46  Orbital Command  
  76  5:47  Refinery  
  76  5:56  Engineering Bay  
  76  5:57  SCV x2, Engineering Bay  
  78  6:10  SCV x2  
  80  6:11  Barracks Reactor x2  
  80  6:13  Stimpack  
  80  6:14  SCV  
  81  6:18  Marine  
  81  6:20  Medivac x2  
  81  6:22  SCV x2  
  81  6:25  Siege Tank  
  91  6:28  SCV  
  91  6:30  Refinery  
  92  6:32  Supply Depot  
  92  6:34  SCV x2  
  92  6:36  Terran Infantry Armor Level 1, Terran Infantry Weapons Level 1  
  94  6:41  SCV  
  94  6:43  Marine  
  94  6:46  SCV  
  97  6:50  Barracks x2  
  97  6:58  SCV x2  
  97  6:59  Marine x3  
  97  7:00  Marine  
  97  7:01  Marine  
  103  7:04  SCV  
  105  7:10  SCV x2  
  107  7:16  SCV  
  107  7:17  Marine x2  
  107  7:21  Marine x3  
  107  7:22  Siege Tank, Supply Depot  
  116  7:23  SCV  
  116  7:25  Supply Depot  
  117  7:33  Refinery  
  117  7:39  SCV x3, Medivac x2  
  117  7:40  Marine, Barracks Reactor x2  
  117  7:44  Marine x3  
  125  7:45  Armory  
  125  7:51  Missile Turret x2  
  128  7:56  Missile Turret x2  
  128  7:59  Marine  
  128  8:01  SCV x2  
  128  8:02  SCV, Missile Turret  
  132  8:10  Command Center  
  132  8:11  Marine x3  
  138  8:12  Siege Tank  
  138  8:28  Marine x2  
  138  8:29  Marine  
  141  8:47  Supply Depot  
  141  8:48  Supply Depot  
Tags
 
Add a new tag
Caveats
  • Supply blocks, unpowered buildings, or Contaminate may cause inaccurate times.
  • Supply counts are checked every 10 seconds.